 Dungeon Crawl Stone Soup version 0.30-a0-1093-gcfb1e0cf12 (console) character file.

Game seed: 17902391087550093457

17 Kenran the Cutter (level 2, -10/16 HPs)
             Began as a Vine Stalker Chaos Knight on Apr 17, 2023.
             Was a Plaything of Xom.
             Mangled by an entropy weaver (shapeshifter) (13 damage)
             ... on level 1 of the Dungeon.
             The game lasted 00:01:22 (402 turns).

Kenran the Cutter (Vine Stalker Chaos Knight)        Turns: 402, Time: 00:01:23

Health: -10/16     AC:  5    Str: 14    XL:     2   Next: 62%
Magic:  0/3        EV: 11    Int: 12    God:    Xom [....*.]
Gold:   52         SH:  0    Dex: 13    Spells: 1/1 levels left

rFire   . . .      SeeInvis .    a - +0 short sword (chaos)
rCold   . . .      Faith    .    (no shield)
rNeg    . . .      Spirit   +    b - +2 leather armour
rPois   .          Reflect  .    (no helmet)
rElec   .          Rampage  .    (no cloak)
rCorr   .                        (no gloves)
Will    .....                    (no boots)
Stlth   +                        (no amulet)
HPRegen 0.22/turn                (no ring)
MPRegen 0.08/turn                (no ring)

@: no status effects
A: fangs 2, magic shield, antimagic bite, no potion heal 2, sense surroundings 1
a: Renounce Religion


You were on level 1 of the Dungeon.
You worshipped Xom.
You were a beloved toy of Xom.
You visited 1 branch of the dungeon, and saw 1 of its levels.

You collected 52 gold pieces.

Inventory:

Hand Weapons
 a - a +0 short sword of chaos (weapon)
Armour
 b - a +2 leather armour (worn)
Jewellery
 e - a ring of wizardry
Scrolls
 f - a scroll of identify {unknown}
 h - a scroll of fog {unknown}
 i - a scroll of noise {unknown}
Potions
 d - 2 potions of resistance {unknown}
 g - a potion of curing {unknown}
Miscellaneous
 c - a piece from Xom's chessboard (15/15) (quivered)


   Skills:
 - Level 2.6 Fighting
 + Level 3.5 Short Blades
 - Level 1.5 Armour
 - Level 0.7 Dodging


You had one spell level left.
You didn't know any spells.
Your spell library was empty.

Dungeon Overview and Level Annotations

Branches:
Dungeon (1/15)

Altars:


Innate Abilities, Weirdness & Mutations

You have extremely sharp teeth.
When hurt, damage is shared between your health and your magic reserves.
Your bite disrupts and absorbs the magic of your enemies.
Potions cannot restore your health.
You passively map a small area around you.


Message History

Found a scroll labelled XILIT KUEPPA.
You see here a fuming orange potion.
d - 2 fuming orange potions (gained 1)
Found a smoky silvery potion.
You hit the giant cockroach but do no damage.
The giant cockroach misses you.
You hit the giant cockroach but do no damage.
The giant cockroach changes into a shapeshifter!
The shapeshifter changes into an entropy weaver!
You hit the entropy weaver but do no damage.
You bite the entropy weaver, but do no damage.
The area is suffused with divine lightning!
The blast of lightning engulfs the entropy weaver!!!
The blast of lightning engulfs the kobold!!!
The kobold dies!
You hear an angry hiss.
You hear a shout!
A bat comes into view.
The entropy weaver misses you. x2; The entropy weaver hits you.
The entropy weaver hits you but does no damage.
You hit the entropy weaver. You burn the entropy weaver.
Your bite misses the entropy weaver.
The entropy weaver is almost dead.
The bat barely misses you. The bat closely misses you.
The entropy weaver barely misses you. x3
The entropy weaver hits you but does no damage.
You barely miss the entropy weaver. Your bite misses the entropy weaver.
The entropy weaver is almost dead.
The bat misses you. The entropy weaver barely misses you.
The entropy weaver hits you!
Ouch! That really hurt!
* * * LOW HITPOINT WARNING * * *
Xom thinks this is hilarious!
The entropy weaver hits you.
You die... "That's my teddy bear, go get your own!"
Xom revives you! The entropy weaver hits you!
Ouch! That really hurt!
You die...
Xom chortles!

..........#...### #
..........#.#...#.#
.....)......#...#K#
###...#.....#.....#
###........#...#
##....###..†....#
...#### #.#.....#
..## #.#.#...# #.#
#.#.#..)## #.####*
..#.#..B.##
......#*.##.#.##@.#
......... ....###.#
.........$....# .#
....... .....B. .b
....... ......#
...* .......,......
.?.# ....... * ...#
....., ,* !..#
..... , * ....., *
* ....


You could see an entropy weaver shaped shifter and a bat.

Vanquished Creatures
  An endoplasm (D:1)
  A goblin (D:1)
  A hobgoblin (D:1)
  2 kobolds (D:1)
  A quokka (D:1)
  2 ball pythons (D:1)
  3 bats (D:1)
  3 frilled lizards (D:1)
  4 rats (D:1)
18 creatures vanquished.

Vanquished Creatures (others)
  A kobold (D:1)
1 creature vanquished.

Grand Total: 19 creatures vanquished

Notes
Turn   | Place    | Note
-------+----------+-------------------------------------------
     0 | D:1      | Kenran the Vine Stalker Chaos Knight began the quest for
                  | the Orb.
     0 | D:1      | Reached XP level 1. HP: 11/11 MP: 2/2
    52 | D:1      | XOM: divination: detect items
   126 | D:1      | Reached skill level 3 in Short Blades
   168 | D:1      | Reached XP level 2. HP: 16/16 MP: 1/3
   221 | D:1      | XOM: scenery: summon butterflies
   389 | D:1      | XOM: give mutation
   389 | D:1      | Gained mutation: You passively map a small area around you.
                  | [Xom's grace]
   399 | D:1      | a giant cockroach changed into a shapeshifter
   399 | D:1      | Noticed a shapeshifter (shapeshifter)
   399 | D:1      | a shapeshifter changed into an entropy weaver
   399 | D:1      | Noticed an entropy weaver (shapeshifter)
   400 | D:1      | XOM: divine lightning
   402 | D:1      | Xom revived you
   402 | D:1      | Mangled by an entropy weaver (shapeshifter)

Illustrated notes

Levels and vault maps discovered:
D:1:      wander_arrival_peaceful_grave, layout_rooms

Skill      XL: |  1 |
---------------+----+-----
Short Blades   | 3 |  3.5
Fighting       | |  2.6
Armour         | |  1.5
Dodging        | |  0.7

Action                     || total
---------------------------++-------
  Melee: Short sword       ||    56
         Bite              ||     6
   Stab: Sleeping          ||     1
 Armour: Leather armour    ||    23
  Dodge: Dodged            ||    37

Table legend: (Time is in decaauts)
 A = Elapsed time spent in this place.
 B = Non-inter-level travel time spent in this place.
 C = Inter-level travel time spent in this place.
 D = Time resting spent in this place.
 E = Time spent auto-exploring this place.
 F = Levels seen in this place.
 G = Mean time per level.
                   A        B        C        D        E       F      G
               +--------+--------+--------+--------+--------+-----+--------+
         Total |    392 |    392 |      0 |      0 |    173 |   1 |  392.0 |
       Dungeon |    392 |    392 |      0 |      0 |    173 |   1 |  392.0 |
               +--------+--------+--------+--------+--------+-----+--------+

Top non-repeatable levels by time:
     D:1: 392 daAuts
